Maple Leafs vs Jets
Created - May 24, 2024 at 19:32
Goals
|
| Maple Leafs |
1 |
0 |
0 |
1 |
| Jets |
0 |
2 |
0 |
2 |
|
Shots
|
| Maple Leafs |
18 |
7 |
12 |
37 |
| Jets |
11 |
6 |
10 |
27 |
|
1st period
1. Maple Leafs , Evander Kane 4 (Bo Horvat 7) at 19:08 (PP)
Penalties :
Bo Horvat (TOR) for Roughing (Minor) at 3:05, Ryan Johansen (Win) for High sticking (Minor) at 18:47
2nd period
2. Jets , Nino Niederreiter 2 (Max Domi 5, Dougie Hamilton 4) at 0:59
3. Jets , Frank Vatrano 1 (Troy Stetcher 2, Jacob Markstrom) at 14:20
Penalties :
Erik Cernak (Win) for High sticking (Minor) at 2:42, Luke Schenn (TOR) for Interference (Minor) at 11:48
3rd period
No Goal
Penalties :
Ben Smith (TOR) for Interference (Minor) at 0:14, Andre Burakovsky (TOR) for Holding Stick (Minor) at 4:13, Dougie Hamilton (Win) for Interference (Minor) at 15:23, Henrik Zetterberg (Win) for Roughing (Minor) at 18:42
Goalie Stats
Pavel Francouz (TOR), 25 saves from 27 shots - (0.926), L, 3-2-0, 58:45 minutes
Jacob Markstrom (Win), 36 saves from 37 shots - (0.973), W, 7-0-1, 60:00 minutes
Players Stats for Maple Leafs
Player Name G A P +/- PIM S H SB GA TA FO MP PP MP PK MP
------------------------------------------------------------------------------------
Aleksander Barkov 0 0 0 -1 0 0 3 0 0 0 4/16 18:10 2:23 2:10
Andre Burakovsky 0 0 0 -1 2 2 1 0 0 0 0/0 15:53 2:23 0:00
Ben Smith 0 0 0 0 2 3 5 0 1 0 0/0 17:59 3:13 0:00
Bo Horvat 0 1 1 0 2 4 0 0 1 2 15/34 20:59 3:13 3:13
Brandon Saad 0 0 0 -1 0 1 2 0 0 0 0/0 8:51 0:00 1:13
Brenden Dillon 0 0 0 0 0 0 0 0 0 1 0/0 11:54 0:00 0:00
Elias Pettersson 0 0 0 0 0 3 1 0 0 1 1/6 12:34 0:00 1:55
Evander Kane 1 0 1 0 0 7 1 0 1 0 3/4 22:18 3:13 4:18
Haydn Fleury 0 0 0 0 0 0 1 0 0 0 0/0 13:13 0:00 0:53
Jason Zucker 0 0 0 -1 0 1 3 2 0 0 2/2 19:03 2:23 3:03
John Klingberg 0 0 0 -1 0 3 2 1 0 0 0/0 22:59 3:17 4:48
Jon Merrill 0 0 0 -1 0 4 1 1 0 0 0/0 27:39 3:17 4:48
Luke Schenn 0 0 0 -1 2 1 0 2 0 2 0/0 19:13 2:19 2:15
Nicholas Baptiste 0 0 0 -1 0 0 3 0 0 0 0/0 7:38 0:00 0:00
Patrice Cormier 0 0 0 -1 0 1 0 0 0 0 0/4 7:38 0:00 0:00
Pontus Aberg 0 0 0 0 0 1 0 0 0 0 0/0 10:26 0:00 0:00
Tye McGinn 0 0 0 0 0 2 2 1 0 0 0/0 10:26 0:00 0:00
Zach Werenski 0 0 0 -1 0 4 1 0 0 2 0/0 25:07 2:19 3:08
Players Stats for Jets
Player Name G A P +/- PIM S H SB GA TA FO MP PP MP PK MP
------------------------------------------------------------------------------------
Adam Larsson 0 0 0 1 0 1 0 2 1 0 0/0 21:40 0:00 3:31
Alex Galchenyuk 0 0 0 0 0 6 0 0 1 0 2/3 23:31 4:37 1:50
Anthony Mantha 0 0 0 1 0 2 0 0 2 0 0/0 13:20 3:57 0:00
Dougie Hamilton 0 1 1 2 2 2 1 1 0 0 0/0 24:54 4:01 2:14
Erik Cernak 0 0 0 0 2 0 1 1 0 0 0/0 16:38 0:00 0:46
Frank Vatrano 1 0 1 0 0 2 3 0 0 0 0/0 8:59 0:02 0:53
Henrik Zetterberg 0 0 0 1 2 0 3 0 1 1 3/4 11:12 0:02 2:20
Kyle Connor 0 0 0 0 0 0 0 0 0 0 0/1 7:47 0:00 0:00
Max Domi 0 1 1 1 0 4 2 0 0 0 10/13 17:34 3:17 1:18
Mirco Mueller 0 0 0 0 0 0 0 0 0 0 0/0 12:19 0:00 0:55
Nino Niederreiter 1 0 1 1 0 4 3 1 1 0 0/0 18:02 3:17 1:45
Noel Acciari 0 0 0 0 0 0 0 0 0 0 2/6 10:53 0:00 3:06
Ryan Johansen 0 0 0 0 2 1 0 0 1 0 22/36 21:26 4:37 0:00
Ryan Murray 0 0 0 0 0 1 0 1 0 2 0/0 16:37 0:00 2:20
Sam Reinhart 0 0 0 1 0 0 2 0 0 0 0/0 13:08 3:55 0:00
Troy Stetcher 0 1 1 1 0 2 0 0 0 0 0/0 18:29 4:01 1:26
Tyler Seguin 0 0 0 1 0 1 1 0 0 0 2/3 17:24 4:37 0:00
Tyler Toffoli 0 0 0 0 0 1 2 2 1 0 0/0 20:27 3:17 0:00
3 Stars
1 - Jacob Markstrom (Win)
2 - Nino Niederreiter (Win)
3 - Frank Vatrano (Win)
Power Play
Maple Leafs - 1 on 4 Attempt(s) - 25.00%
Jets - 0 on 4 Attempt(s) - 0.00%
Penalty Kill
Maple Leafs - 4 on 4 Attempt(s) - 100.00%
- Score 0 goal in Penalty Kill
Jets - 3 on 4 Attempt(s) - 75.00%
- Score 0 goal in Penalty Kill
Team Stat
Maple Leafs - Hits : 26 - Faceoff Wins : 25 - Blocked Shots : 7 - Penalty Minutes : 8
Jets - Hits : 18 - Faceoff Wins : 41 - Blocked Shots : 8 - Penalty Minutes : 8
Official
Referees : Pierre Lambert and Conor O'Donnell
Linesman : Derek Nansen and Mark Shewchyk
Game Notes
No Game Note
Finance
Level 1 -- Attendance: 12800 (40.00%) -- Ticket Income $1,280,000
Level 2 -- Attendance: 5000 (100.00%) -- Ticket Income $300,000
Level 3 -- Attendance: 2000 (100.00%) -- Ticket Income $70,000
Level 4 -- Attendance: 4000 (100.00%) -- Ticket Income $100,000
Luxury Box -- Attendance: 1000 (100.00%) -- Ticket Income $200,000
Game was played at the Bell MTS Place.
Total Attendance: 24800 (56.36%)
Total Ticket Income: $1,950,000
Other Income: $292,500
Total Income: $2,242,500
Maple Leafs
5 vs 5 Forward
Center Left Wing Right Wing Time % Phy DF OF
1 Bo Horvat Evander Kane Ben Smith 40 1 2 2
2 Aleksander Barkov Jason Zucker Andre Burakovsky 30 1 2 2
3 Elias Pettersson Tye McGinn Pontus Aberg 20 1 2 2
4 Patrice Cormier Brandon Saad Nicholas Baptiste 10 1 2 2
5 vs 5 Defense
Defense Defense Time % Phy DF OF
1 Jon Merrill Zach Werenski 40 1 2 2
2 John Klingberg Luke Schenn 30 1 2 2
3 Haydn Fleury Brenden Dillon 20 1 2 2
4 Jon Merrill John Klingberg 10 1 2 2
PowerPlay Forward
Center Left Wing Right Wing Time % Phy DF OF
1 Bo Horvat Evander Kane Ben Smith 60 1 2 2
2 Aleksander Barkov Jason Zucker Andre Burakovsky 40 1 2 2
PowerPlay Defense
Defense Defense Time % Phy DF OF
1 Jon Merrill John Klingberg 60 1 2 2
2 Zach Werenski Luke Schenn 40 1 2 2
Penalty Kill 4 Players Forward
Center Wing Time % Phy DF OF
1 Bo Horvat Evander Kane 60 1 2 2
2 Aleksander Barkov Jason Zucker 40 1 2 2
Penalty Kill 4 Players Defense
Defense Defense Time % Phy DF OF
1 Jon Merrill John Klingberg 60 1 2 2
2 Zach Werenski Luke Schenn 40 1 2 2
Penalty Kill - 3 Players Forward
Forward Time % Phy DF OF
1 Bo Horvat 60 1 2 2
2 Aleksander Barkov 40 1 2 2
Penalty Kill - 3 Players Defense
Defense Defense Time % Phy DF OF
1 Jon Merrill John Klingberg 60 1 2 2
2 Zach Werenski Luke Schenn 40 1 2 2
4 vs 4 Forward
Center Wing Time % Phy DF OF
1 Bo Horvat Evander Kane 60 1 2 2
2 Aleksander Barkov Jason Zucker 40 1 2 2
4 vs 4 Defense
Defense Defense Time % Phy DF OF
1 Jon Merrill John Klingberg 60 1 2 2
2 Zach Werenski Luke Schenn 40 1 2 2
Last Minutes Offensive
Center Left Wing Right Wing Defense Defense
Bo Horvat Evander Kane Ben Smith Jon Merrill John Klingberg
Last Minutes Defensive
Center Left Wing Right Wing Defense Defense
Bo Horvat Evander Kane Ben Smith Jon Merrill John Klingberg
Goaltenders
Starting : Pavel Francouz
Backup : Kristers Gudlevskis
Extra Forwards
Normal : Jason Zucker, Aleksander Barkov, Tye McGinn - PP : Jason Zucker, Aleksander Barkov - PK : Jason Zucker
Extra Defensemen
Normal : Luke Schenn, Haydn Fleury, Brenden Dillon - PP : Luke Schenn - PK : Luke Schenn, Haydn Fleury
Penalty Shots
Evander Kane, Ben Smith, Bo Horvat, Andre Burakovsky, Jason Zucker
Custom OT Lines Forwards
Evander Kane, Ben Smith, Bo Horvat, Andre Burakovsky, Jason Zucker, Aleksander Barkov, Tye McGinn, Pontus Aberg, Brandon Saad, Patrice Cormier
Custom OT Lines Defensemen
Jon Merrill, John Klingberg, Zach Werenski, Luke Schenn, Haydn Fleury
Scratches
Brett Pesce (Healthy), Valentin Zykov (Healthy)
Jets
5 vs 5 Forward
Center Left Wing Right Wing Time % Phy DF OF
1 Ryan Johansen Alex Galchenyuk Tyler Toffoli 40 1 2 2
2 Max Domi Nino Niederreiter Tyler Seguin 30 1 2 2
3 Henrik Zetterberg Anthony Mantha Sam Reinhart 20 1 2 2
4 Noel Acciari Kyle Connor Frank Vatrano 10 1 2 2
5 vs 5 Defense
Defense Defense Time % Phy DF OF
1 Adam Larsson Dougie Hamilton 40 1 2 2
2 Ryan Murray Erik Cernak 30 1 2 2
3 Mirco Mueller Troy Stetcher 20 1 2 2
4 Erik Cernak Adam Larsson 10 1 2 2
PowerPlay Forward
Center Left Wing Right Wing Time % Phy DF OF
1 Ryan Johansen Alex Galchenyuk Tyler Seguin 60 1 2 2
2 Max Domi Nino Niederreiter Tyler Toffoli 40 1 2 2
PowerPlay Defense
Defense Defense Time % Phy DF OF
1 Troy Stetcher Dougie Hamilton 60 1 2 2
2 Sam Reinhart Anthony Mantha 40 1 2 2
Penalty Kill 4 Players Forward
Center Wing Time % Phy DF OF
1 Noel Acciari Henrik Zetterberg 60 1 2 2
2 Nino Niederreiter Frank Vatrano 40 1 2 2
Penalty Kill 4 Players Defense
Defense Defense Time % Phy DF OF
1 Adam Larsson Dougie Hamilton 60 1 2 2
2 Ryan Murray Troy Stetcher 40 1 2 2
Penalty Kill - 3 Players Forward
Forward Time % Phy DF OF
1 Noel Acciari 60 1 2 2
2 Anthony Mantha 40 1 2 2
Penalty Kill - 3 Players Defense
Defense Defense Time % Phy DF OF
1 Adam Larsson Dougie Hamilton 60 1 2 2
2 Ryan Murray Troy Stetcher 40 1 2 2
4 vs 4 Forward
Center Wing Time % Phy DF OF
1 Henrik Zetterberg Alex Galchenyuk 60 1 2 2
2 Max Domi Tyler Seguin 40 1 2 2
4 vs 4 Defense
Defense Defense Time % Phy DF OF
1 Adam Larsson Dougie Hamilton 60 1 2 2
2 Ryan Murray Troy Stetcher 40 1 2 2
Last Minutes Offensive
Center Left Wing Right Wing Defense Defense
Max Domi Alex Galchenyuk Tyler Seguin Adam Larsson Dougie Hamilton
Last Minutes Defensive
Center Left Wing Right Wing Defense Defense
Henrik Zetterberg Alex Galchenyuk Tyler Seguin Adam Larsson Dougie Hamilton
Goaltenders
Starting : Jacob Markstrom
Backup : Elvis Merzlikins
Extra Forwards
Normal : Tyler Toffoli, Anthony Mantha, Nino Niederreiter - PP : Tyler Toffoli, Anthony Mantha - PK : Nino Niederreiter
Extra Defensemen
Normal : Mirco Mueller, Ryan Murray, Erik Cernak - PP : Mirco Mueller - PK : Ryan Murray, Erik Cernak
Penalty Shots
Alex Galchenyuk, Tyler Seguin, Nino Niederreiter, Tyler Toffoli, Anthony Mantha
Custom OT Lines Forwards
Alex Galchenyuk, Tyler Seguin, Ryan Johansen, Nino Niederreiter, Tyler Toffoli, Anthony Mantha, Max Domi, Sam Reinhart, Noel Acciari, Frank Vatrano
Custom OT Lines Defensemen
Adam Larsson, Dougie Hamilton, Ryan Murray, Troy Stetcher, Mirco Mueller
Scratches
None
% Time on Ice - Maple Leafs
Lines # - Real PCT - Wanted PCT - Time Play
Normal Forward
1 - 32% - 40% - 14:47
2 - 29% - 30% - 13:37
3 - 22% - 20% - 10:26
4 - 16% - 10% - 7:38
Normal Defense
1 - 37% - 40% - 17:09
2 - 32% - 30% - 15:00
3 - 26% - 20% - 11:54
4 - 5% - 10% - 2:25
PP Forward
1 - 57% - 60% - 3:13
2 - 43% - 40% - 2:23
PP Defense
1 - 59% - 60% - 3:17
2 - 41% - 40% - 2:19
PK Forward
1 - 73% - 60% - 5:46
2 - 27% - 40% - 2:10
PK Defense
1 - 61% - 60% - 4:48
2 - 39% - 40% - 3:08
PK3 Forward
1 - 0% - 60%
2 - 0% - 40%
PK3 Defense
1 - 0% - 60%
2 - 0% - 40%
44 Forward
1 - 0% - 60%
2 - 0% - 40%
44 Defense
1 - 0% - 60%
2 - 0% - 40%
Last Minute Offensive - 0:00
Last Minute Defensive - 0:00
Total
Forward - 60:00
Defense - 60:00
|
% Time on Ice - Jets
Lines # - Real PCT - Wanted PCT - Time Play
Normal Forward
1 - 37% - 40% - 17:14
2 - 28% - 30% - 13:00
3 - 18% - 20% - 8:27
4 - 17% - 10% - 7:47
Normal Defense
1 - 40% - 40% - 18:40
2 - 32% - 30% - 15:03
3 - 23% - 20% - 10:38
4 - 5% - 10% - 2:07
PP Forward
1 - 59% - 60% - 4:39
2 - 41% - 40% - 3:17
PP Defense
1 - 51% - 60% - 4:01
2 - 49% - 40% - 3:55
PK Forward
1 - 84% - 60% - 4:43
2 - 16% - 40% - 0:53
PK Defense
1 - 74% - 60% - 4:10
2 - 26% - 40% - 1:26
PK3 Forward
1 - 0% - 60%
2 - 0% - 40%
PK3 Defense
1 - 0% - 60%
2 - 0% - 40%
44 Forward
1 - 0% - 60%
2 - 0% - 40%
44 Defense
1 - 0% - 60%
2 - 0% - 40%
Last Minute Offensive - 0:00
Last Minute Defensive - 0:00
Total
Forward - 60:00
Defense - 60:00
|
Play-by-Play
1st period
0:01 of 1st period - Evander Kane wins face-off versus Ryan Johansen in neutral zone.
0:06 of 1st period - Wrist shot by Evander Kane.
0:06 of 1st period - Stopped by Jacob Markstrom with a rebound.
0:11 of 1st period - Off-side.
0:12 of 1st period - Max Domi wins face-off versus Aleksander Barkov in neutral zone.
0:27 of 1st period - Snap shot by Jason Zucker.
0:27 of 1st period - Shot Misses the Net.
0:29 of 1st period - Slapshot by John Klingberg.
0:29 of 1st period - Shot Blocked by Erik Cernak.
0:39 of 1st period - Elias Pettersson is hit by Henrik Zetterberg and loses puck.
0:53 of 1st period - Off-side.
0:54 of 1st period - Bo Horvat wins face-off versus Ryan Johansen in neutral zone.
1:21 of 1st period - Noel Acciari is hit by Nicholas Baptiste and loses puck.
1:53 of 1st period - Tyler Seguin is hit by Jason Zucker and loses puck.
2:33 of 1st period - Wrist shot by Evander Kane.
2:33 of 1st period - Stopped by Jacob Markstrom without a rebound.
2:34 of 1st period - Ryan Johansen wins face-off versus Aleksander Barkov in Jets zone.
3:03 of 1st period - Wrist shot by Tyler Seguin.
3:03 of 1st period - Stopped by Pavel Francouz with a rebound.
3:05 of 1st period - Minor Penalty to Bo Horvat for Roughing.
3:06 of 1st period - Jason Zucker wins face-off versus Ryan Johansen in Maple Leafs zone.
3:54 of 1st period - Wrist shot by Alex Galchenyuk.
3:54 of 1st period - Stopped by Pavel Francouz without a rebound.
3:55 of 1st period - Aleksander Barkov wins face-off versus Max Domi in Maple Leafs zone.
4:57 of 1st period - Alex Galchenyuk is hit by John Klingberg and loses puck.
5:05 of 1st period - Penalty to Bo Horvat is over, Bo Horvat is back on ice.
5:10 of 1st period - Troy Stetcher is hit by Brandon Saad and loses puck.
5:38 of 1st period - Troy Stetcher is hit by Ben Smith and loses puck.
6:50 of 1st period - Erik Cernak is hit by Jason Zucker and loses puck.
7:55 of 1st period - Adam Larsson is hit by Ben Smith and loses puck.
8:00 of 1st period - Snap shot by Bo Horvat.
8:00 of 1st period - Shot Blocked by Tyler Toffoli.
8:35 of 1st period - Luke Schenn is hit by Frank Vatrano.
8:36 of 1st period - Icing by Luke Schenn.
8:37 of 1st period - Max Domi wins face-off versus Aleksander Barkov in Maple Leafs zone.
8:38 of 1st period - Snap shot by Nino Niederreiter.
8:38 of 1st period - Shot Blocked by Luke Schenn.
8:40 of 1st period - Slapshot by Max Domi.
8:40 of 1st period - Shot Misses the Net.
8:42 of 1st period - Wrist shot by Max Domi.
8:42 of 1st period - Stopped by Pavel Francouz without a rebound.
8:43 of 1st period - Max Domi wins face-off versus Bo Horvat in Maple Leafs zone.
8:44 of 1st period - Slapshot by Nino Niederreiter.
8:44 of 1st period - Stopped by Pavel Francouz with a rebound.
8:50 of 1st period - Wrist shot by Evander Kane.
8:50 of 1st period - Stopped by Jacob Markstrom with a rebound.
8:52 of 1st period - Slapshot by Zach Werenski.
8:52 of 1st period - Shot Hit the Post.
8:54 of 1st period - Snap shot by Bo Horvat.
8:54 of 1st period - Shot Misses the Net.
8:56 of 1st period - Wrist shot by Bo Horvat.
8:56 of 1st period - Stopped by Jacob Markstrom with a rebound.
9:38 of 1st period - Wrist shot by Pontus Aberg.
9:38 of 1st period - Deflect By Elias Pettersson.
9:38 of 1st period - Shot Misses the Net.
9:38 of 1st period - Puck is out of play.
9:39 of 1st period - Alex Galchenyuk wins face-off versus Elias Pettersson in Jets zone.
9:44 of 1st period - Pontus Aberg is hit by Tyler Toffoli and loses puck.
10:54 of 1st period - Icing by Brandon Saad.
10:55 of 1st period - Ryan Johansen wins face-off versus Patrice Cormier in Maple Leafs zone.
10:58 of 1st period - Snap shot by Alex Galchenyuk.
10:58 of 1st period - Stopped by Pavel Francouz with a rebound.
11:16 of 1st period - Tyler Toffoli is hit by Haydn Fleury and loses puck.
11:25 of 1st period - Wrist shot by Alex Galchenyuk.
11:25 of 1st period - Stopped by Pavel Francouz without a rebound.
11:26 of 1st period - Max Domi wins face-off versus Bo Horvat in Maple Leafs zone.
12:00 of 1st period - Snap shot by Anthony Mantha.
12:00 of 1st period - Stopped by Pavel Francouz with a rebound.
12:10 of 1st period - Andre Burakovsky is hit by Henrik Zetterberg and loses puck.
12:21 of 1st period - Wrist shot by Frank Vatrano.
12:21 of 1st period - Stopped by Pavel Francouz without a rebound.
12:22 of 1st period - Bo Horvat wins face-off versus Kyle Connor in Maple Leafs zone.
12:53 of 1st period - Slapshot by John Klingberg.
12:53 of 1st period - Shot Blocked by Tyler Toffoli.
12:55 of 1st period - Slapshot by John Klingberg.
12:55 of 1st period - Stopped by Jacob Markstrom without a rebound.
12:56 of 1st period - Ryan Johansen wins face-off versus Aleksander Barkov in Jets zone.
13:55 of 1st period - Wrist shot by Kyle Connor.
13:55 of 1st period - Shot Blocked by Jon Merrill.
14:17 of 1st period - Icing by Brandon Saad.
14:18 of 1st period - Max Domi wins face-off versus Patrice Cormier in Maple Leafs zone.
14:23 of 1st period - Snap shot by Max Domi.
14:23 of 1st period - Shot Misses the Net.
14:57 of 1st period - Slapshot by Zach Werenski.
14:57 of 1st period - Shot Misses the Net.
14:59 of 1st period - Slapshot by Patrice Cormier.
14:59 of 1st period - Stopped by Jacob Markstrom with a rebound.
15:01 of 1st period - Slapshot by Jon Merrill.
15:01 of 1st period - Stopped by Jacob Markstrom with a rebound.
15:03 of 1st period - Slapshot by Zach Werenski.
15:03 of 1st period - Deflect By Tyler Seguin.
15:03 of 1st period - Stopped by Jacob Markstrom without a rebound.
15:04 of 1st period - Ryan Johansen wins face-off versus Bo Horvat in Jets zone.
15:09 of 1st period - Snap shot by Dougie Hamilton.
15:09 of 1st period - Stopped by Pavel Francouz without a rebound.
15:10 of 1st period - Bo Horvat wins face-off versus Ryan Johansen in Maple Leafs zone.
15:36 of 1st period - Icing by Adam Larsson.
15:37 of 1st period - Aleksander Barkov wins face-off versus Ryan Johansen in Jets zone.
15:52 of 1st period - Wrist shot by Tyler Toffoli.
15:52 of 1st period - Stopped by Pavel Francouz with a rebound.
16:06 of 1st period - Slapshot by Tyler Toffoli.
16:06 of 1st period - Shot Misses the Net.
16:08 of 1st period - Slapshot by Dougie Hamilton.
16:08 of 1st period - Deflect By Ryan Johansen.
16:08 of 1st period - Shot Blocked by Jason Zucker.
16:08 of 1st period - Puck is out of play.
16:09 of 1st period - Max Domi wins face-off versus Bo Horvat in Maple Leafs zone.
16:22 of 1st period - Snap shot by Bo Horvat.
16:22 of 1st period - Shot Blocked by Ryan Murray.
16:43 of 1st period - Slapshot by John Klingberg.
16:43 of 1st period - Stopped by Jacob Markstrom without a rebound.
16:44 of 1st period - Henrik Zetterberg wins face-off versus Aleksander Barkov in Jets zone.
17:24 of 1st period - Slapshot by Alex Galchenyuk.
17:24 of 1st period - Stopped by Pavel Francouz without a rebound.
17:25 of 1st period - Max Domi wins face-off versus Bo Horvat in Maple Leafs zone.
18:24 of 1st period - Icing by Brenden Dillon.
18:25 of 1st period - Elias Pettersson wins face-off versus Ryan Johansen in Maple Leafs zone.
18:36 of 1st period - Snap shot by Elias Pettersson.
18:36 of 1st period - Stopped by Jacob Markstrom without a rebound.
18:37 of 1st period - Bo Horvat wins face-off versus Ryan Johansen in Jets zone.
18:44 of 1st period - Snap shot by Bo Horvat.
18:44 of 1st period - Stopped by Jacob Markstrom without a rebound.
18:45 of 1st period - Ryan Johansen wins face-off versus Bo Horvat in Jets zone.
18:47 of 1st period - Minor Penalty to Ryan Johansen for High sticking.
18:48 of 1st period - Noel Acciari wins face-off versus Bo Horvat in Jets zone.
19:00 of 1st period - Slapshot by Evander Kane.
19:00 of 1st period - Stopped by Jacob Markstrom with a rebound.
19:02 of 1st period - Slapshot by Jon Merrill.
19:02 of 1st period - Stopped by Jacob Markstrom with a rebound.
19:04 of 1st period - Slapshot by John Klingberg.
19:04 of 1st period - Stopped by Jacob Markstrom without a rebound.
19:05 of 1st period - Bo Horvat wins face-off versus Noel Acciari in Jets zone.
19:08 of 1st period - Snap shot by Bo Horvat.
19:08 of 1st period - Deflect By Evander Kane.
19:08 of 1st period - Goal by Evander Kane - Maple Leafs : 1 - Jets : 0.
19:09 of 1st period - Bo Horvat wins face-off versus Ryan Johansen in neutral zone.
19:24 of 1st period - Backhand shot by Evander Kane.
19:24 of 1st period - Stopped by Jacob Markstrom without a rebound.
19:25 of 1st period - Tyler Seguin wins face-off versus Aleksander Barkov in Jets zone.
19:36 of 1st period - Wrist shot by Andre Burakovsky.
19:36 of 1st period - Stopped by Jacob Markstrom without a rebound.
19:37 of 1st period - Bo Horvat wins face-off versus Ryan Johansen in Jets zone.
19:38 of 1st period - Snap shot by Evander Kane.
19:38 of 1st period - Shot Misses the Net.
19:40 of 1st period - Slapshot by Zach Werenski.
19:40 of 1st period - Deflect By Tyler Toffoli.
19:40 of 1st period - Stopped by Jacob Markstrom with a rebound.
19:50 of 1st period - Jon Merrill is hit by Tyler Toffoli and loses puck.
Goals for this period are 1 for Maple Leafs vs 0 for Jets.
Shots for this period are 18 for Maple Leafs vs 11 for Jets.
2nd period
0:01 of 2nd period - Ryan Johansen wins face-off versus Bo Horvat in neutral zone.
0:06 of 2nd period - Slapshot by Alex Galchenyuk.
0:06 of 2nd period - Shot Misses the Net.
0:57 of 2nd period - Snap shot by Dougie Hamilton.
0:57 of 2nd period - Deflect By Max Domi.
0:57 of 2nd period - Deflect By Zach Werenski.
0:57 of 2nd period - Stopped by Pavel Francouz with a rebound.
0:59 of 2nd period - Wrist shot by Nino Niederreiter.
0:59 of 2nd period - Goal by Nino Niederreiter - Maple Leafs : 1 - Jets : 1.
1:00 of 2nd period - Evander Kane wins face-off versus Ryan Johansen in neutral zone.
1:07 of 2nd period - Backhand shot by Evander Kane.
1:07 of 2nd period - Shot Blocked by Adam Larsson.
1:55 of 2nd period - Snap shot by Elias Pettersson.
1:55 of 2nd period - Stopped by Jacob Markstrom without a rebound.
1:56 of 2nd period - Ryan Johansen wins face-off versus Elias Pettersson in Jets zone.
2:05 of 2nd period - Wrist shot by Alex Galchenyuk.
2:05 of 2nd period - Stopped by Pavel Francouz without a rebound.
2:06 of 2nd period - Ryan Johansen wins face-off versus Bo Horvat in Maple Leafs zone.
2:35 of 2nd period - Backhand shot by Max Domi.
2:35 of 2nd period - Stopped by Pavel Francouz without a rebound.
2:36 of 2nd period - Jason Zucker wins face-off versus Max Domi in Maple Leafs zone.
2:42 of 2nd period - Minor Penalty to Erik Cernak for High sticking.
2:43 of 2nd period - Bo Horvat wins face-off versus Noel Acciari in Jets zone.
3:10 of 2nd period - Noel Acciari is hit by Aleksander Barkov and loses puck.
4:13 of 2nd period - Alex Galchenyuk is hit by Ben Smith and loses puck.
4:42 of 2nd period - Penalty to Erik Cernak is over, Erik Cernak is back on ice.
5:07 of 2nd period - Brandon Saad is hit by Sam Reinhart and loses puck.
5:27 of 2nd period - Mirco Mueller is hit by Tye McGinn and loses puck.
7:32 of 2nd period - Off-side.
7:33 of 2nd period - Aleksander Barkov wins face-off versus Noel Acciari in neutral zone.
8:42 of 2nd period - Off-side.
8:43 of 2nd period - Tyler Seguin wins face-off versus Patrice Cormier in neutral zone.
8:50 of 2nd period - Tyler Seguin is hit by Nicholas Baptiste and loses puck.
8:57 of 2nd period - Snap shot by Nicholas Baptiste.
8:57 of 2nd period - Shot Misses the Net.
9:05 of 2nd period - Icing by Nicholas Baptiste.
9:06 of 2nd period - Ryan Johansen wins face-off versus Patrice Cormier in Maple Leafs zone.
9:09 of 2nd period - Snap shot by Alex Galchenyuk.
9:09 of 2nd period - Shot Misses the Net.
9:36 of 2nd period - Slapshot by Zach Werenski.
9:36 of 2nd period - Shot Misses the Net.
9:38 of 2nd period - Wrist shot by Brandon Saad.
9:38 of 2nd period - Stopped by Jacob Markstrom without a rebound.
9:39 of 2nd period - Henrik Zetterberg wins face-off versus Bo Horvat in Jets zone.
9:52 of 2nd period - Snap shot by Evander Kane.
9:52 of 2nd period - Shot Misses the Net.
10:36 of 2nd period - Wrist shot by Tye McGinn.
10:36 of 2nd period - Stopped by Jacob Markstrom without a rebound.
10:37 of 2nd period - Ryan Johansen wins face-off versus Bo Horvat in Jets zone.
11:12 of 2nd period - Snap shot by Aleksander Barkov.
11:12 of 2nd period - Shot Misses the Net.
11:14 of 2nd period - Backhand shot by Zach Werenski.
11:14 of 2nd period - Stopped by Jacob Markstrom without a rebound.
11:15 of 2nd period - Ryan Johansen wins face-off versus Aleksander Barkov in Jets zone.
11:15 of 2nd period - Ryan Johansen is hit by Jason Zucker.
11:21 of 2nd period - Snap shot by Aleksander Barkov.
11:21 of 2nd period - Shot Hit the Post.
11:48 of 2nd period - Minor Penalty to Luke Schenn for Interference.
11:49 of 2nd period - Ryan Johansen wins face-off versus Evander Kane in Maple Leafs zone.
11:58 of 2nd period - Slapshot by Troy Stetcher.
11:58 of 2nd period - Stopped by Pavel Francouz with a rebound.
12:00 of 2nd period - Wrist shot by Ryan Johansen.
12:00 of 2nd period - Shot Misses the Net.
12:02 of 2nd period - Slapshot by Dougie Hamilton.
12:02 of 2nd period - Shot Blocked by John Klingberg.
12:36 of 2nd period - Jason Zucker is hit by Sam Reinhart.
13:23 of 2nd period - John Klingberg is hit by Nino Niederreiter and loses puck.
13:45 of 2nd period - Icing by Max Domi.
13:46 of 2nd period - Ryan Johansen wins face-off versus Aleksander Barkov in Jets zone.
13:48 of 2nd period - Penalty to Luke Schenn is over, Luke Schenn is back on ice.
13:59 of 2nd period - Troy Stetcher is hit by Tye McGinn and loses puck.
14:20 of 2nd period - Wrist shot by Frank Vatrano.
14:20 of 2nd period - Goal by Frank Vatrano - Maple Leafs : 1 - Jets : 2.
14:21 of 2nd period - Ryan Johansen wins face-off versus Bo Horvat in neutral zone.
14:31 of 2nd period - Slapshot by Jon Merrill.
14:31 of 2nd period - Stopped by Jacob Markstrom with a rebound.
14:33 of 2nd period - Slapshot by Ben Smith.
14:33 of 2nd period - Stopped by Jacob Markstrom without a rebound.
14:34 of 2nd period - Ryan Johansen wins face-off versus Bo Horvat in Jets zone.
15:10 of 2nd period - Wrist shot by Tyler Seguin.
15:10 of 2nd period - Shot Misses the Net.
15:12 of 2nd period - Wrist shot by Nino Niederreiter.
15:12 of 2nd period - Shot Hit the Post.
15:22 of 2nd period - Anthony Mantha is hit by Zach Werenski and loses puck.
16:10 of 2nd period - Ryan Murray is hit by Ben Smith and loses puck.
16:17 of 2nd period - Luke Schenn is hit by Erik Cernak and loses puck.
17:38 of 2nd period - Icing by Evander Kane.
17:39 of 2nd period - Max Domi wins face-off versus Bo Horvat in Maple Leafs zone.
17:56 of 2nd period - Snap shot by Evander Kane.
17:56 of 2nd period - Shot Blocked by Nino Niederreiter.
17:58 of 2nd period - Slapshot by Ben Smith.
17:58 of 2nd period - Deflect By Bo Horvat.
17:58 of 2nd period - Stopped by Jacob Markstrom without a rebound.
17:59 of 2nd period - Ryan Johansen wins face-off versus Aleksander Barkov in Jets zone.
18:55 of 2nd period - Evander Kane is hit by Max Domi.
18:59 of 2nd period - Tyler Seguin is hit by Jon Merrill and loses puck.
19:12 of 2nd period - Frank Vatrano is hit by Elias Pettersson and loses puck.
19:25 of 2nd period - Elias Pettersson is hit by Frank Vatrano and loses puck.
19:48 of 2nd period - Mirco Mueller is hit by Nicholas Baptiste and loses puck.
Goals for this period are 0 for Maple Leafs vs 2 for Jets.
Shots for this period are 7 for Maple Leafs vs 6 for Jets.
3rd period
0:01 of 3rd period - Bo Horvat wins face-off versus Ryan Johansen in neutral zone.
0:03 of 3rd period - Off-side.
0:04 of 3rd period - Ryan Johansen wins face-off versus Bo Horvat in neutral zone.
0:14 of 3rd period - Minor Penalty to Ben Smith for Interference.
0:15 of 3rd period - Ryan Johansen wins face-off versus Bo Horvat in Maple Leafs zone.
0:20 of 3rd period - Snap shot by Alex Galchenyuk.
0:20 of 3rd period - Shot Misses the Net.
0:42 of 3rd period - Evander Kane is hit by Nino Niederreiter and loses puck.
2:14 of 3rd period - Penalty to Ben Smith is over, Ben Smith is back on ice.
3:16 of 3rd period - Icing by Elias Pettersson.
3:17 of 3rd period - Ryan Johansen wins face-off versus Elias Pettersson in Maple Leafs zone.
3:44 of 3rd period - Evander Kane is hit by Nino Niederreiter and loses puck.
4:11 of 3rd period - Snap shot by Anthony Mantha.
4:11 of 3rd period - Shot Blocked by Jason Zucker.
4:13 of 3rd period - Minor Penalty to Andre Burakovsky for Holding Stick.
4:14 of 3rd period - Bo Horvat wins face-off versus Ryan Johansen in Maple Leafs zone.
4:27 of 3rd period - Snap shot by Sam Reinhart.
4:27 of 3rd period - Shot Misses the Net.
5:02 of 3rd period - Snap shot by Ryan Johansen.
5:02 of 3rd period - Stopped by Pavel Francouz without a rebound.
5:03 of 3rd period - Max Domi wins face-off versus Bo Horvat in Maple Leafs zone.
6:13 of 3rd period - Penalty to Andre Burakovsky is over, Andre Burakovsky is back on ice.
6:33 of 3rd period - Slapshot by Zach Werenski.
6:33 of 3rd period - Shot Misses the Net.
7:19 of 3rd period - Snap shot by Elias Pettersson.
7:19 of 3rd period - Stopped by Jacob Markstrom without a rebound.
7:20 of 3rd period - Henrik Zetterberg wins face-off versus Elias Pettersson in Jets zone.
8:01 of 3rd period - Wrist shot by Elias Pettersson.
8:01 of 3rd period - Deflect By Pontus Aberg.
8:01 of 3rd period - Stopped by Jacob Markstrom with a rebound.
8:07 of 3rd period - Wrist shot by Nino Niederreiter.
8:07 of 3rd period - Stopped by Pavel Francouz with a rebound.
8:09 of 3rd period - Wrist shot by Tyler Seguin.
8:09 of 3rd period - Deflect By Max Domi.
8:09 of 3rd period - Stopped by Pavel Francouz with a rebound.
8:11 of 3rd period - Slapshot by Ryan Murray.
8:11 of 3rd period - Stopped by Pavel Francouz without a rebound.
8:12 of 3rd period - Bo Horvat wins face-off versus Ryan Johansen in Maple Leafs zone.
8:17 of 3rd period - Snap shot by Jon Merrill.
8:17 of 3rd period - Stopped by Jacob Markstrom with a rebound.
8:19 of 3rd period - Slapshot by John Klingberg.
8:19 of 3rd period - Shot Blocked by Dougie Hamilton.
8:21 of 3rd period - Wrist shot by John Klingberg.
8:21 of 3rd period - Shot Misses the Net.
8:23 of 3rd period - Wrist shot by Bo Horvat.
8:23 of 3rd period - Deflect By Tyler Toffoli.
8:23 of 3rd period - Stopped by Jacob Markstrom without a rebound.
8:24 of 3rd period - Bo Horvat wins face-off versus Ryan Johansen in Jets zone.
8:27 of 3rd period - Wrist shot by Ben Smith.
8:27 of 3rd period - Stopped by Jacob Markstrom with a rebound.
8:51 of 3rd period - Dougie Hamilton is hit by Aleksander Barkov and loses puck.
8:56 of 3rd period - Snap shot by Andre Burakovsky.
8:56 of 3rd period - Stopped by Jacob Markstrom without a rebound.
8:57 of 3rd period - Aleksander Barkov wins face-off versus Tyler Seguin in Jets zone.
9:04 of 3rd period - Wrist shot by Jason Zucker.
9:04 of 3rd period - Stopped by Jacob Markstrom with a rebound.
9:06 of 3rd period - Wrist shot by Andre Burakovsky.
9:06 of 3rd period - Shot Misses the Net.
9:08 of 3rd period - Slapshot by Luke Schenn.
9:08 of 3rd period - Shot Misses the Net.
9:10 of 3rd period - Snap shot by Luke Schenn.
9:10 of 3rd period - Stopped by Jacob Markstrom without a rebound.
9:11 of 3rd period - Ryan Johansen wins face-off versus Bo Horvat in Jets zone.
9:50 of 3rd period - Wrist shot by Zach Werenski.
9:50 of 3rd period - Shot Blocked by Adam Larsson.
9:58 of 3rd period - Jason Zucker is hit by Max Domi and loses puck.
10:05 of 3rd period - Wrist shot by Nino Niederreiter.
10:05 of 3rd period - Stopped by Pavel Francouz with a rebound.
10:29 of 3rd period - Wrist shot by Max Domi.
10:29 of 3rd period - Shot Misses the Net.
10:36 of 3rd period - Icing by Jon Merrill.
10:37 of 3rd period - Alex Galchenyuk wins face-off versus Aleksander Barkov in Maple Leafs zone.
10:44 of 3rd period - Snap shot by Alex Galchenyuk.
10:44 of 3rd period - Stopped by Pavel Francouz with a rebound.
11:10 of 3rd period - Snap shot by Evander Kane.
11:10 of 3rd period - Shot Misses the Net.
11:12 of 3rd period - Slapshot by Ben Smith.
11:12 of 3rd period - Shot Misses the Net.
11:26 of 3rd period - Luke Schenn is hit by Frank Vatrano and loses puck.
12:17 of 3rd period - Luke Schenn is hit by Tyler Seguin.
12:48 of 3rd period - Troy Stetcher is hit by Brandon Saad and loses puck.
13:01 of 3rd period - Frank Vatrano is hit by Ben Smith and loses puck.
13:14 of 3rd period - Slapshot by Troy Stetcher.
13:14 of 3rd period - Stopped by Pavel Francouz with a rebound.
13:16 of 3rd period - Snap shot by Noel Acciari.
13:16 of 3rd period - Shot Misses the Net.
13:18 of 3rd period - Snap shot by Frank Vatrano.
13:18 of 3rd period - Deflect By Noel Acciari.
13:18 of 3rd period - Shot Misses the Net.
13:18 of 3rd period - Puck is out of play.
13:19 of 3rd period - Ryan Johansen wins face-off versus Aleksander Barkov in Maple Leafs zone.
13:22 of 3rd period - Snap shot by Ryan Johansen.
13:22 of 3rd period - Shot Misses the Net.
13:28 of 3rd period - Wrist shot by Dougie Hamilton.
13:28 of 3rd period - Stopped by Pavel Francouz without a rebound.
13:29 of 3rd period - Ryan Johansen wins face-off versus Aleksander Barkov in Maple Leafs zone.
13:51 of 3rd period - Wrist shot by Adam Larsson.
13:51 of 3rd period - Shot Blocked by Luke Schenn.
13:53 of 3rd period - Wrist shot by Dougie Hamilton.
13:53 of 3rd period - Shot Misses the Net.
13:55 of 3rd period - Slapshot by Adam Larsson.
13:55 of 3rd period - Stopped by Pavel Francouz without a rebound.
13:56 of 3rd period - Bo Horvat wins face-off versus Max Domi in Maple Leafs zone.
14:01 of 3rd period - Slapshot by Zach Werenski.
14:01 of 3rd period - Shot Misses the Net.
14:22 of 3rd period - Elias Pettersson is hit by Henrik Zetterberg and loses puck.
15:00 of 3rd period - Wrist shot by Anthony Mantha.
15:00 of 3rd period - Stopped by Pavel Francouz without a rebound.
15:01 of 3rd period - Bo Horvat wins face-off versus Alex Galchenyuk in Maple Leafs zone.
15:01 of 3rd period - Bo Horvat is hit by Dougie Hamilton.
15:23 of 3rd period - Minor Penalty to Dougie Hamilton for Interference.
15:24 of 3rd period - Noel Acciari wins face-off versus Bo Horvat in Jets zone.
15:24 of 3rd period - Noel Acciari is hit by Evander Kane.
16:32 of 3rd period - Mirco Mueller is hit by Aleksander Barkov and loses puck.
17:23 of 3rd period - Penalty to Dougie Hamilton is over, Dougie Hamilton is back on ice.
17:51 of 3rd period - Icing by Haydn Fleury.
17:52 of 3rd period - Max Domi wins face-off versus Elias Pettersson in Maple Leafs zone.
17:57 of 3rd period - Wrist shot by Ryan Johansen.
17:57 of 3rd period - Shot Blocked by Tye McGinn.
18:25 of 3rd period - Snap shot by Tye McGinn.
18:25 of 3rd period - Stopped by Jacob Markstrom without a rebound.
18:26 of 3rd period - Evander Kane wins face-off versus Henrik Zetterberg in Jets zone.
18:31 of 3rd period - Snap shot by Zach Werenski.
18:31 of 3rd period - Stopped by Jacob Markstrom with a rebound.
18:33 of 3rd period - Wrist shot by Ben Smith.
18:33 of 3rd period - Stopped by Jacob Markstrom with a rebound.
18:42 of 3rd period - Minor Penalty to Henrik Zetterberg for Roughing.
18:43 of 3rd period - Bo Horvat wins face-off versus Noel Acciari in Jets zone.
18:45 of 3rd period - Maple Leafs, Pavel Francouz is pulled from the net.
18:49 of 3rd period - Snap shot by Evander Kane.
18:49 of 3rd period - Stopped by Jacob Markstrom with a rebound.
19:09 of 3rd period - Noel Acciari is hit by John Klingberg and loses puck.
19:22 of 3rd period - Ryan Murray is hit by Andre Burakovsky and loses puck.
Goals for this period are 0 for Maple Leafs vs 0 for Jets.
Shots for this period are 12 for Maple Leafs vs 10 for Jets.